 Dungeon Crawl Stone Soup version 0.26-a0-708-g17f3b190f9 (webtiles) character file.

Game seed: 5168590861382568271

9269 Kinoniko the Blocker (level 11, -11/89 HPs)
             Began as a Gnoll Fighter on Oct 28, 2020.
             Was a High Priest of Okawaru.
             Mangled by a yak (16 damage)
             ... on level 10 of the Dungeon.
             The game lasted 00:17:11 (11610 turns).

Kinoniko the Blocker (Gnoll Fighter)               Turns: 11610, Time: 00:17:11

Health: -11/89     AC: 11    Str: 20    XL:     11   Next: 43%
Magic:  20/20      EV: 16    Int: 12    God:    Okawaru [*****.]
Gold:   404        SH: 12    Dex: 21    Spells: 21/22 levels left

rFire    . . .     SeeInvis .   d - +6 trident (vorpal)
rCold    . . .     Faith    .   c - +0 kite shield
rNeg     . . .     Spirit   .   y - +2 leather armour "Gejecw" {Slay+2}
rPois    +         Reflect  .   l - +1 helmet
rElec    .         Harm     .   C - +0 cloak
rCorr    .         Rampage  .   x - +0 pair of gloves
MR       .....                  (no boots)
Stlth    +++.......             (no amulet)
HPRegen  0.24/turn              s - ring of poison resistance
MPRegen  0.17/turn              M - +6 ring of dexterity

@: about to teleport, hasted, very quick
A: distributed training, fangs 1, strong nose
a: Heroism, Finesse, Renounce Religion


You were on level 10 of the Dungeon.
You worshipped Okawaru.
Okawaru was extremely pleased with you.
You visited 2 branches of the dungeon, and saw 11 of its levels.

You collected 704 gold pieces.
You spent 300 gold pieces at shops.

Inventory:

Hand Weapons
 a - a +0 long sword
 d - a +6 vorpal trident (weapon)
 p - a +1 flail of protection
 G - a +0 demon blade
Missiles
 f - 2 boomerangs of dispersal
 h - 5 silver javelins (quivered)
 r - 4 silver boomerangs
 t - 19 boomerangs
Armour
 b - a +0 scale mail
 c - a +0 kite shield (worn)
 e - a +1 hat of magic resistance
 l - a +1 helmet (worn)
 x - a +0 pair of gloves (worn)
 y - the +2 leather armour "Gejecw" (worn) {Slay+2}
   (You found it on level 6 of the Dungeon)

   It affects your accuracy and damage with ranged weapons and melee attacks
   (+2).
 C - a +0 cloak (worn)
 I - a +2 scale mail of magic resistance
Jewellery
 s - a ring of poison resistance (left hand)
 J - an uncursed ring of fire
 M - a +6 ring of dexterity (right hand)
Wands
 j - a wand of polymorph (15)
 q - a wand of flame (9)
 A - a wand of disintegration (13)
 B - a wand of random effects (19)
 H - a wand of paralysis (6)
 K - a wand of iceblast (14)
Scrolls
 i - 2 scrolls of amnesia
 k - 2 scrolls of immolation
 o - 2 scrolls of magic mapping
 E - a scroll of identify
 L - a scroll of remove curse
Potions
 m - a potion of ambrosia {unknown}
 n - a potion of stabbing {unknown}
 u - a potion of berserk rage {unknown}
 v - a potion of magic
 z - a potion of mutation {unknown}
 D - a potion of invisibility {unknown}


   Skills:
 + Level 9.2 Fighting
 + Level 6.3 Short Blades
 + Level 7.9 Long Blades
 + Level 6.3 Axes
 + Level 6.3 Maces & Flails
 + Level 6.3 Polearms
 + Level 6.3 Staves
 + Level 6.3 Slings
 + Level 6.3 Bows
 + Level 6.3 Crossbows
 + Level 6.3 Throwing
 + Level 9.2 Armour
 + Level 6.3 Dodging
 + Level 6.3 Stealth
 + Level 9.2 Shields
 + Level 6.3 Unarmed Combat
 + Level 6.3 Spellcasting
 + Level 5.2 Conjurations
 + Level 5.2 Hexes
 + Level 5.2 Summonings
 + Level 5.2 Necromancy
 + Level 5.2 Translocations
 + Level 5.2 Transmutations
 + Level 5.2 Fire Magic
 + Level 5.2 Ice Magic
 + Level 5.2 Air Magic
 + Level 5.2 Earth Magic
 + Level 5.2 Poison Magic
 + Level 6.9 Invocations
 + Level 6.3 Evocations


You had 21 spell levels left.
You knew the following spells:

 Your Spells              Type           Power        Failure   Level
a - Beastly Appendage     Tmut           ###...       4%          1

Your spell library contained the following spells:

 Spells                   Type           Power        Failure   Level
 Corona                   Hex            ###....      4%          1
 Ensorcelled Hibernation  Hex/Ice        ###...       8%          2
 Wereblood                Tmut           ###.....     8%          2
 Confusing Touch          Hex            ###.....     16%         3
 Dazzling Flash           Conj/Hex       ###...       16%         3
 Spider Form              Tmut/Pois      ###.......   16%         3
 Tukima's Dance           Hex            ###.....     16%         3
 Ice Form                 Ice/Tmut       ###.....     45%         4
 Blade Hands              Tmut           ###.......   80%         5


Dungeon Overview and Level Annotations

Branches:
Dungeon (10/15)            Temple (1/1) D:5            Lair (0/6) D:8
    Orc: D:9-12

Altars:
Ashenzari
Cheibriados
Dithmenos
Elyvilon
Fedhas
Gozag
Hepliaklqana
Kikubaaqudgha
Makhleb
Nemelex Xobeh
Okawaru
Qazlal
Ru
Sif Muna
Trog
Uskayaw
Vehumet
Wu Jian
Xom
Yredelemnul
Zin
The Shining One

Shops:
D:5 :   D:6 =   D:9 *

Annotations:
D:6 2 runed translucent doors, P0WERM0DE's ghost, novice OpDe
D:10 Urug


Innate Abilities, Weirdness & Mutations

Your experience applies equally to all skills.
You have very sharp teeth.
Your uncanny sense of smell can sniff out nearby items.


Message History

It was a potion of magic.
Magic courses through your body. The yak gores you!
* * * LOW HITPOINT WARNING * * *
Unknown command.
You feel yourself speed up. You block the yak's attack.
A worker ant comes into view.
You feel like a meek peon again. You block the worker ant's attack.
You block the worker ant's attack.
A two-headed ogre comes into view. It is wielding two +0 giant clubs.
As you read the scroll of teleportation, it crumbles to dust.
You feel strangely unstable.
Urug the Orcish Ballista comes into view.
She is wielding a +1 demon trident of electrocution.
Urug shouts!
Urug throws a javelin.
The javelin barely misses you.
You see here a javelin.
Urug throws a javelin.
The javelin pierces through you but does no damage.
The worker ant bites you but does no damage.
The yak gores you!
You die...

#≈≈≈≈≈≈≈ #≈≈≈≈≈#
≈≈≈≈≈#
##≈≈≈≈##≈≈≈≈≈≈≈≈≈
#..≈≈≈...≈≈≈≈≈≈≈
#(BO.###≈≈≈≈≈≈≈
#....##≈≈≈≈≈≈≈#
###
#..Y.##≈≈≈≈≈≈≈#
#..
#..@.##≈≈≈≈≈≈≈#
#..
#...Y##≈h≈≈≈≈≈#
#..
#...Y##≈≈≈≈≈≈≈#
#..
#....##≈≈≈≈≈†≈#
#..
#....###≈;≈≈≈≈#
#..
#......YY;≈≈≈≈#
#..
##########≈≈≈##
#.. #.≈## ###
#.##


You could see a two-headed ogre, 3 yaks and a worker ant.

Vanquished Creatures
  Gastronok (D:10)
  Harold (D:8)
  Pikel (D:7)
  An ugly thing (D:9)
  Maurice (D:8)
  Maggie (D:7)
  Prince Ribbit (D:7)
  A shadow (D:7)
  3 yaks (D:9)
  2 water moccasins
  Duvessa (D:4)
  A sky beast (D:8)
  A black bear (D:8)
  2 ice beasts
  2 orc warriors
  A phantom (D:4)
  4 necrophages
  5 ogres
  2 centaurs
  A lemure (D:7)
  A big kobold (D:9)
  8 bullfrogs
  A wyvern zombie (D:9)
  Dowan (D:4)
  5 scorpions
  3 wights (D:7)
  4 killer bees (D:9)
  3 howler monkeys (D:7)
  An electric eel (D:10)
  A bullfrog zombie (D:9)
  5 hounds
  A gnoll shaman (D:7)
  6 orc priests
  6 orc wizards
  2 centaur skeletons (D:5)
  3 iguanas
  6 worker ants
  A killer bee zombie (D:9)
  3 hound zombies
  11 gnolls
  A howler monkey skeleton (D:6)
  16 adders
  2 shadow imps
  3 white imps
  An ufetubus (D:7)
  An ooze (D:2)
  2 adder zombies (D:9)
  2 worms
  4 dart slugs
  4 leopard geckos
  26 orcs
  8 bats
  8 giant cockroaches
  7 goblins
  5 hobgoblins
  12 jackals
  11 kobolds
  4 quokkas
  2 ball pythons
  3 frilled lizards
  A leopard gecko zombie (D:9)
  A quokka skeleton (D:9)
  A quokka zombie (D:9)
  11 rats
241 creatures vanquished.

Vanquished Creatures (others)
  A bush (D:9)
  11 plants (D:9)
12 creatures vanquished.

Grand Total: 253 creatures vanquished

Notes
Turn   | Place    | Note
-------+----------+-------------------------------------------
     0 | D:1      | Kinoniko the Gnoll Fighter began the quest for the Orb.
     0 | D:1      | Reached XP level 1. HP: 23/23 MP: 1/1
    47 | D:1      | Reached XP level 2. HP: 29/29 MP: 2/2
   543 | D:1      | Reached XP level 3. HP: 35/35 MP: 3/3
  1042 | D:2      | Reached skill level 1 in Invocations
  1211 | D:2      | Reached skill level 1 in Short Blades
  1211 | D:2      | Reached skill level 1 in Axes
  1211 | D:2      | Reached skill level 1 in Maces & Flails
  1211 | D:2      | Reached skill level 1 in Polearms
  1211 | D:2      | Reached skill level 1 in Staves
  1211 | D:2      | Reached skill level 1 in Slings
  1211 | D:2      | Reached skill level 1 in Bows
  1211 | D:2      | Reached skill level 1 in Crossbows
  1211 | D:2      | Reached skill level 1 in Throwing
  1211 | D:2      | Reached skill level 1 in Dodging
  1211 | D:2      | Reached skill level 1 in Stealth
  1211 | D:2      | Reached skill level 1 in Unarmed Combat
  1211 | D:2      | Reached skill level 1 in Spellcasting
  1211 | D:2      | Reached skill level 1 in Evocations
  1397 | D:2      | Reached XP level 4. HP: 41/41 MP: 5/5
  1891 | D:3      | Reached skill level 1 in Conjurations
  1891 | D:3      | Reached skill level 1 in Hexes
  1891 | D:3      | Reached skill level 1 in Summonings
  1891 | D:3      | Reached skill level 1 in Necromancy
  1891 | D:3      | Reached skill level 1 in Translocations
  1891 | D:3      | Reached skill level 1 in Transmutations
  1891 | D:3      | Reached skill level 1 in Fire Magic
  1891 | D:3      | Reached skill level 1 in Ice Magic
  1891 | D:3      | Reached skill level 1 in Air Magic
  1891 | D:3      | Reached skill level 1 in Earth Magic
  1891 | D:3      | Reached skill level 1 in Poison Magic
  1926 | D:3      | Reached XP level 5. HP: 40/47 MP: 6/6
  2805 | D:4      | Reached XP level 6. HP: 53/53 MP: 8/8
  2897 | D:4      | Noticed a phantom
  2929 | D:4      | Killed a phantom
  2929 | D:4      | Reached skill level 5 in Long Blades
  3244 | D:4      | Reached XP level 7. HP: 59/59 MP: 10/10
  3259 | D:4      | Noticed Duvessa
  3259 | D:4      | Noticed Dowan
  3285 | D:4      | Killed Duvessa
  3297 | D:4      | Killed Dowan
  3975 | D:4      | Reached XP level 8. HP: 63/67 MP: 12/12
  4065 | D:5      | Entered Level 5 of the Dungeon
  4373 | D:5      | Found Fupofett's Book Shoppe.
  4383 | D:5      | Found a burning altar of Makhleb.
  4396 | D:5      | Found a staircase to the Ecumenical Temple.
  4406 | Temple   | Entered the Ecumenical Temple
  4539 | Temple   | Became a worshipper of Warmaster Okawaru
  4763 | D:5      | Bought a book of Changes for 300 gold pieces
  4765 | D:5      | Learned a level 1 spell: Beastly Appendage
  4798 | D:5      | Found a bloodstained altar of Trog.
  5394 | D:6      | Found a runed translucent door.
  5411 | D:6      | Noticed P0WERM0DE's ghost (novice OpDe)
  5512 | D:6      | Found Zoitz's Jewellery Boutique.
  5691 | D:6      | Reached * piety under Okawaru
  5738 | D:6      | Got a masterwork leather armour
  5750 | D:6      | Identified the +2 leather armour "Gejecw" {Slay+2} (You
                  | found it on level 6 of the Dungeon)
  5854 | D:6      | Reached XP level 9. HP: 73/73 MP: 14/14
  5940 | D:6      | Found a runed translucent door.
  6053 | D:6      | Found a glowing silver altar of Zin.
  6080 | D:6      | Found a basalt altar of Yredelemnul.
  6307 | D:6      | Found a hazy altar of Hepliaklqana.
  6637 | D:7      | Noticed Prince Ribbit
  6648 | D:7      | Killed Prince Ribbit
  7115 | D:7      | Found a shimmering altar of Xom.
  7116 | D:7      | Found a shimmering altar of Xom.
  7116 | D:7      | Found a shimmering altar of Xom.
  7116 | D:7      | Found a shimmering altar of Xom.
  7116 | D:7      | Found a shimmering altar of Xom.
  7117 | D:7      | Found a shimmering altar of Xom.
  7117 | D:7      | Found a shimmering altar of Xom.
  7271 | D:7      | Noticed Maggie
  7286 | D:7      | Killed Maggie
  7286 | D:7      | Reached ** piety under Okawaru
  7528 | D:7      | Noticed Pikel
  7542 | D:7      | Killed Pikel
  7542 | D:7      | Reached skill level 5 in Invocations
  7728 | D:7      | Noticed a torpor snail
  7729 | D:7      | Noticed a salamander
  7753 | D:7      | Reached XP level 10. HP: 75/80 MP: 17/17
  7775 | D:7      | Noticed a shining eye
  8237 | D:8      | Noticed Maurice
  8245 | D:8      | Killed Maurice
  8245 | D:8      | Reached *** piety under Okawaru
  8245 | D:8      | Reached skill level 5 in Short Blades
  8245 | D:8      | Reached skill level 5 in Axes
  8245 | D:8      | Reached skill level 5 in Maces & Flails
  8245 | D:8      | Reached skill level 5 in Polearms
  8245 | D:8      | Reached skill level 5 in Staves
  8245 | D:8      | Reached skill level 5 in Slings
  8245 | D:8      | Reached skill level 5 in Bows
  8245 | D:8      | Reached skill level 5 in Crossbows
  8245 | D:8      | Reached skill level 5 in Throwing
  8245 | D:8      | Reached skill level 5 in Dodging
  8245 | D:8      | Reached skill level 5 in Stealth
  8245 | D:8      | Reached skill level 5 in Unarmed Combat
  8245 | D:8      | Reached skill level 5 in Spellcasting
  8245 | D:8      | Reached skill level 5 in Evocations
  8432 | D:8      | Found a staircase to the Lair.
  8441 | D:8      | Noticed Harold
  8461 | D:8      | Killed Harold
  8466 | D:8      | Reached **** piety under Okawaru
  8668 | D:8      | Found a sparkling altar of Nemelex Xobeh.
  8668 | D:8      | Found an iron altar of Okawaru.
  8676 | D:7      | Received a gift from Okawaru
  9519 | D:9      | Found Jeaptav's Changing Room.
  9536 | D:9      | Noticed a cyan ugly thing
  9753 | D:9      | HP: 4/82 [cyan ugly thing (12)]
  9762 | D:9      | Killed a cyan ugly thing
 10133 | D:9      | Reached XP level 11. HP: 87/87 MP: 17/19
 10234 | D:9      | Found a blossoming altar of Fedhas.
 10506 | D:9      | Found a sacrificial altar of Ru.
 11013 | D:10     | Entered Level 10 of the Dungeon
 11022 | D:10     | Noticed Gastronok
 11042 | D:10     | Killed Gastronok
 11042 | D:10     | Reached ***** piety under Okawaru
 11042 | D:10     | Reached skill level 5 in Conjurations
 11042 | D:10     | Reached skill level 5 in Hexes
 11042 | D:10     | Reached skill level 5 in Summonings
 11042 | D:10     | Reached skill level 5 in Necromancy
 11042 | D:10     | Reached skill level 5 in Translocations
 11042 | D:10     | Reached skill level 5 in Transmutations
 11042 | D:10     | Reached skill level 5 in Fire Magic
 11042 | D:10     | Reached skill level 5 in Ice Magic
 11042 | D:10     | Reached skill level 5 in Air Magic
 11042 | D:10     | Reached skill level 5 in Earth Magic
 11042 | D:10     | Reached skill level 5 in Poison Magic
 11593 | D:10     | HP: 2/89 [yak (7)]
 11602 | D:10     | Noticed a two-headed ogre
 11605 | D:10     | Noticed Urug
 11610 | D:10     | Mangled by a yak

Illustrated notes

Levels and vault maps discovered:
D:1:      wander_arrival_peaceful_grave, layout_basic, minmay_door_square
D:2:      layout_basic, dk_noncrumbling_2
D:3:      layout_loops_corners
D:4:      layout_loops_cross, minmay_misc_feat_chi, uniq_duvessa
D:5:      layout_basic, kennysheep_mini_moat, bloody_trog,
          minmay_temple_entry_hall, serial_shops, nicolae_shop_stone
D:6:      layout_layer_cave, yredelemnul_altar_generic, zin_scriptorium,
          kennysheep_little_box, ebering_ghost_sewer_f, minivault_26,
          minmay_shop_enchanted_jewellery
D:7:      layout_layer_cave, serial_glass, glass_columns_a, glass_columns_a,
          xom_shifter_show, uniq_pikel, uniq_prince_ribbit1, uniq_maggie
D:8:      layout_basic, nemelex_xobeh_ov_fountains_minmay, lair_entry_dummy,
          minmay_fountain_box, hex_intersection, kennysheep_okawaru_gauntlet,
          uniq_harold, uniq_maurice
D:9:      layout_small_grid, nicolae_overflow_crystal_walls,
          nicolae_transmutations_shop, chequers_serial_rivers_large_b,
          fedhas_altar_decomposition
D:10:     layout_basic, grunt_decor_cap, lemuel_tele_altar, uniq_gastronok,
          uniq_urug
Temple:   regret_index_temple_waves

Skill      XL: |  1  2  3  4  5  6  7  8  9 10 11 |
---------------+----------------------------------+-----
Invocations    | 1 2 3 4 5 6 |  6.9
Short Blades   | 1 2 3 4 5 6 |  6.3
Axes           | 1 2 3 4 5 6 |  6.3
Maces & Flails | 1 2 3 4 5 6 |  6.3
Polearms       | 1 2 3 4 5 6 |  6.3
Staves         | 1 2 3 4 5 6 |  6.3
Slings         | 1 2 3 4 5 6 |  6.3
Bows           | 1 2 3 4 5 6 |  6.3
Crossbows      | 1 2 3 4 5 6 |  6.3
Throwing       | 1 2 3 4 5 6 |  6.3
Dodging        | 1 2 3 4 5 6 |  6.3
Stealth        | 1 2 3 4 5 6 |  6.3
Unarmed Combat | 1 2 3 4 5 6 |  6.3
Spellcasting   | 1 2 3 4 5 6 |  6.3
Evocations     | 1 2 3 4 5 6 |  6.3
Conjurations   | 1 2 3 4 5 |  5.2
Hexes          | 1 2 3 4 5 |  5.2
Summonings     | 1 2 3 4 5 |  5.2
Necromancy     | 1 2 3 4 5 |  5.2
Translocations | 1 2 3 4 5 |  5.2
Transmutations | 1 2 3 4 5 |  5.2
Fire Magic     | 1 2 3 4 5 |  5.2
Ice Magic      | 1 2 3 4 5 |  5.2
Air Magic      | 1 2 3 4 5 |  5.2
Earth Magic    | 1 2 3 4 5 |  5.2
Poison Magic   | 1 2 3 4 5 |  5.2
Long Blades    | 5 6 7 |  7.9
Fighting       | 7 8 9 |  9.2
Armour         | 7 8 9 |  9.2
Shields        | 7 8 9 |  9.2

Action                   |  1- 3 |  4- 6 |  7- 9 | 10-12 || total
-------------------------+-------+-------+-------+-------++-------
Melee: Long sword        |    85 |     6 |       |       ||    91
       Bite              |    11 |    10 |    23 |    41 ||    85
       Flail             |       |    39 |       |       ||    39
       Trident           |       |   130 |   281 |   287 ||   698
Throw: Javelin           |       |       |       |     4 ||     4
Invok: Heroism           |       |       |     2 |     7 ||     9
  Use: Potion            |       |     1 |     6 |     6 ||    13
       Scroll            |       |       |    15 |     8 ||    23
 Stab: Sleeping          |       |       |     4 |     4 ||     8
Armor: Scale mail        |    41 |    70 |    51 |       ||   162
       Skin              |       |       |     7 |       ||     7
       Leather armour    |       |       |    19 |    63 ||    82
Dodge: Dodged            |    28 |    45 |    75 |   148 ||   296
Block: Kite shield       |    50 |    87 |   129 |   204 ||   470
       Rpst.: Long sword |     7 |       |       |       ||     7

Table legend: (Time is in decaauts)
 A = Elapsed time spent in this place.
 B = Non-inter-level travel time spent in this place.
 C = Inter-level travel time spent in this place.
 D = Time resting spent in this place.
 E = Time spent auto-exploring this place.
 F = Levels seen in this place.
 G = Mean time per level.
                   A        B        C        D        E       F      G
               +--------+--------+--------+--------+--------+-----+--------+
         Total |  11757 |  10987 |    770 |   2711 |   6451 |  11 | 1068.8 |
       Dungeon |  11611 |  10859 |    752 |   2711 |   6326 |  10 | 1161.1 |
        Temple |    146 |    128 |     18 |      0 |    125 |   1 |  146.0 |
               +--------+--------+--------+--------+--------+-----+--------+

Top non-repeatable levels by time:
     D:7: 1990 daAuts
     D:4: 1324 daAuts
     D:6: 1292 daAuts
     D:9: 1286 daAuts
     D:8: 1223 daAuts
     D:3: 1119 daAuts
     D:2: 946 daAuts
     D:5: 909 daAuts
     D:1: 888 daAuts
    D:10: 628 daAuts
  Temple: 146 daAuts
